 Dungeon Crawl Stone Soup version 0.30-b1-2-g02819fbbbe (webtiles) character file.

Game seed: 7417666510666323331

10 sanka the Ducker (level 2, -1/17 HPs)
             Began as a Tengu Hexslinger on May 18, 2023.
             Slain by a hobgoblin (4 damage)
             ... on level 1 of the Dungeon.
             The game lasted 00:00:34 (202 turns).

sanka the Ducker (Tengu Hexslinger)                  Turns: 202, Time: 00:00:34

Health: -1/17      AC:  2    Str: 10    XL:     2   Next: 20%
Magic:  4/4        EV: 12    Int: 13    God:
Gold:   0          SH:  0    Dex: 14    Spells: 2/3 levels left

rFire   . . .        a - +1 sling
rCold   . . .        (no shield)
rNeg    . . .        c - +0 robe
rPois   .            (helmet restricted)
rElec   .            (no cloak)
rCorr   .            (no gloves)
SInv    .            (boots unavailable)
Will    .....        (no amulet)
Stlth   +            (no ring)
HPRegen 0.22/turn    (no ring)
MPRegen 0.09/turn

%: no passive effects
@: no status effects
A: beak, talons 3
a: no special abilities


You were on level 1 of the Dungeon.
You visited 1 branch of the dungeon, and saw 1 of its levels.

Inventory:

Hand Weapons
 a - a +1 sling (weapon)
Armour
 c - a +0 robe (worn)
Scrolls
 b - a scroll of poison {!r}
 f - a scroll of teleportation {unknown}
Potions
 d - a potion of attraction {unknown}
 e - a potion of heal wounds {unknown}


   Skills:
 + Level 1.6 Fighting
 - Level 2.1 Ranged Weapons
 + Level 2.7 Dodging
 - Level 1.0 Spellcasting
 - Level 2.1 Hexes


You had 2 spell levels left.
You knew the following spells:

 Your Spells              Type           Power      Damage    Failure   Level
a - Slow                  Hex            24%        N/A       12%         1

Your spell library contained the following spells:

 Spells                   Type           Power      Damage    Failure   Level
 Inner Flame              Hex/Fire       3%         N/A       47%         3
 Portal Projectile        Hex/Tloc       6%         N/A       47%         3
 Cause Fear               Hex            3%         N/A       75%         4


Dungeon Overview and Level Annotations

Branches:
Dungeon (1/15)

Altars:


Innate Abilities, Weirdness & Mutations

You have a beak for a mouth.
You have claws for feet.


Message History

The rat barely misses you.
A bat comes into view.
You shoot a sling bullet. The sling bullet hits the hobgoblin.
The hobgoblin is moderately wounded.
The hobgoblin hits you. The rat barely misses you.
You shoot a sling bullet.
The sling bullet barely misses the hobgoblin.
The hobgoblin barely misses you. The bat misses you. The rat bites you.
The rat misses you. The hobgoblin hits you.
You are too injured to fight recklessly!
Unknown command.
The bat misses you. The bat hits you. The bat barely misses you.
The hobgoblin attacks as you move away! The hobgoblin hits you.
The bat hits you but does no damage. The bat attacks as you move away!
The bat barely misses you. The bat hits you but does no damage.
The bat closely misses you.
The rat twitches its whiskers.
The bat hits you but does no damage.
You are too injured to fight recklessly!
You are too injured to fight recklessly!
You are too injured to fight recklessly!
You are too injured to fight recklessly!
You shoot a sling bullet. The sling bullet hits the bat.
You kill the bat!
You shoot a sling bullet.
The sling bullet barely misses the hobgoblin.
The hobgoblin hits you.
* * * LOW HITPOINT WARNING * * *
You shoot a sling bullet.
The sling bullet hits the hobgoblin but does no damage.
The hobgoblin is moderately wounded.
The hobgoblin hits you.
* * * LOW HITPOINT WARNING * * *
You shoot a sling bullet.
The sling bullet barely misses the hobgoblin.
The sling bullet hits the rat.
The rat is heavily wounded.
The hobgoblin hits you.
You die...

.. ...........
#...##.........
..... #.....##
#####..... #####..#
#......... ##.##
#[........ #.r#
#......... #######.#
#.......†.
#.......###.........
#......rg@..........
#.......##..#######.
#.......###.# .#
#.......# #.##### .#
#.......# #.....#
#.# #########
##....# #.# #....#
#.# ##...###.#
###...#.#


You could see a hobgoblin and a rat.

Vanquished Creatures
  A dart slug (D:1)
  A bat (D:1)
  An endoplasm (D:1)
  A giant cockroach (D:1)
  A goblin (D:1)
  A ball python (D:1)
  A frilled lizard (D:1)
  A rat (D:1)
8 creatures vanquished.

Notes
Turn   | Place    | Note
-------+----------+-------------------------------------------
     0 | D:1      | sanka the Tengu Hexslinger began the quest for the Orb.
     0 | D:1      | Reached XP level 1. HP: 12/12 MP: 3/3
   171 | D:1      | Reached XP level 2. HP: 16/16 MP: 4/4
   202 | D:1      | Slain by a hobgoblin

Illustrated notes

Levels and vault maps discovered:
D:1:      dpeg_arrival_oval, layout_basic

Action                     || total
---------------------------++-------
   Fire: Sling             ||    21
 Armour: Robe              ||     3
  Dodge: Dodged            ||     9
